| TOP OF THE 1ST |
|
Kansas City Royals batting - Pitching for Baltimore Orioles : RHP Jim Clancy
|
|
Pitching: RHP Jim Clancy
|
|
|
Batting: RHB Rickey Henderson
|
0-0: Foul Ball, location: 2F 0-1: Bunted foul 0-2: Foul Ball, location: 2F 0-2: Ball 1-2: Ball 2-2: Ball 3-2: Ground out 4-3 (Groundball, 4, EV 105.6 MPH)
|
|
Batting: LHB Gene Richards
|
0-0: Ball 1-0: Reached on error, E5 (Groundball, 25, EV 88.8 MPH)
|
|
Batting: RHB Bob Horner
|
0-0: Ball 1-0: Called Strike 1-1: Fly out, F8 (Line Drive, 8RM, EV 96.3 MPH)
|
|
Batting: RHB Gary Carter
|
0-0: Ball 1-0: Called Strike 1-1: Fly out, F3 (Popup, 3SF, EV 82.5 MPH)
|
| Top of the 1st over - 0 runs, 0 hits, 1 error, 1 left on base; Kansas City 0 - Baltimore 0 |
| BOTTOM OF THE 1ST |
|
Baltimore Orioles batting - Pitching for Kansas City Royals : LHP Britt Burns
|
|
Pitching: LHP Britt Burns
|
|
|
Batting: SHB Willie McGee
|
0-0: Foul Ball, location: 2F 0-1: Ball 1-1: Bunted foul 1-2: Foul Ball, location: 2F 1-2: SINGLE (Line Drive, 6MD, EV 108.1 MPH)
|
|
Batting: SHB Johnny Ray
|
0-0: Ball 1-0: Grounds into double play, 6-4-3 (Groundball, 6, EV 85.6 MPH)
|
|
Batting: LHB Dave Parker
|
0-0: Foul Ball, location: 2F 0-1: Foul Ball, location: 2F 0-2: SINGLE (Groundball, 4MD, EV 97.5 MPH)
|
|
Batting: RHB Dwight Evans
|
0-0: Swinging Strike 0-1: Called Strike 0-2: Ball 1-2: Ball 2-2: Foul Ball, location: 2F 2-2: Foul Ball, location: 2F 2-2: Ball 3-2: Ground out 5-3 (Groundball, 5S, EV 60.0 MPH)
|
| Bottom of the 1st over - 0 runs, 2 hits, 0 errors, 1 left on base; Kansas City 0 - Baltimore 0 |
| TOP OF THE 2ND |
|
Kansas City Royals batting - Pitching for Baltimore Orioles : RHP Jim Clancy
|
|
Batting: RHB Lloyd McClendon
|
0-0: Ball 1-0: Called Strike 1-1: SINGLE (Line Drive, 7S, EV 106.3 MPH)
|
|
Batting: RHB Jeffrey Leonard
|
0-0: Foul Ball, location: 2F 0-1: Swinging Strike 0-2: Ball 1-2: Ball 2-2: Strikes out swinging
|
|
Batting: LHB Rick Manning
|
0-0: Ball 1-0: Called Strike 1-1: Called Strike 1-2: Ball 2-2: Strikes out swinging
|
|
Batting: LHB Alvin Davis
|
0-0: Called Strike 0-1: Foul Ball, location: 2F 0-2: Strikes out looking
|
| Top of the 2nd over - 0 runs, 1 hit, 0 errors, 1 left on base; Kansas City 0 - Baltimore 0 |
| BOTTOM OF THE 2ND |
|
Baltimore Orioles batting - Pitching for Kansas City Royals : LHP Britt Burns
|
|
Batting: LHB Fred Lynn
|
0-0: Swinging Strike 0-1: Ground out U3 (Groundball, 3L, EV 85.6 MPH)
|
|
Batting: SHB Steve R Ontiveros
|
0-0: Swinging Strike 0-1: Swinging Strike 0-2: Ball 1-2: Foul Ball, location: 2F 1-2: Foul Ball, location: 2F 1-2: Ball 2-2: Ball 3-2: SINGLE (Groundball, 34D, EV 103.1 MPH)
|
|
Batting: RHB Matt Rice
|
0-0: Ball 1-0: Ball 2-0: Ball 3-0: Called Strike 3-1: Base on Balls Steve R Ontiveros to second
|
|
Batting: RHB Bill Foley
|
0-0: Ball 1-0: Swinging Strike 1-1: Grounds into double play, 4-6-3 (Groundball, 4, EV 83.8 MPH)
|
| Bottom of the 2nd over - 0 runs, 1 hit, 0 errors, 1 left on base; Kansas City 0 - Baltimore 0 |
| TOP OF THE 3RD |
|
Kansas City Royals batting - Pitching for Baltimore Orioles : RHP Jim Clancy
|
|
Batting: RHB Alberto Gonzalez
|
0-0: Ball 1-0: Called Strike 1-1: Foul Ball, location: 2F 1-2: Hit by Pitch
|
|
Batting: RHB Rickey Henderson
|
0-0: Ball 1-0: Ground out 4-3 (Groundball, 34D, EV 103.1 MPH) Alberto Gonzalez to second
|
|
Batting: LHB Gene Richards
|
0-0: Foul Ball, location: 2F 0-1: Foul Ball, location: 2F 0-2: Ball 1-2: SINGLE (Line Drive, 56D, EV 98.8 MPH) Alberto Gonzalez to third Runner from 3rd tries for Home, SAFE, throw by LF to home
|
|
Batting: RHB Bob Horner
|
0-0: Ball 1-0: Ball 2-0: Called Strike 2-1: Foul Ball, location: 2F 2-2: Ball 3-2: Ground out 4-3 (Groundball, 34, EV 92.5 MPH) Gene Richards to second
|
|
Batting: RHB Gary Carter
|
0-0: Ground out 5-3 (Groundball, 56S, EV 82.5 MPH)
|
| Top of the 3rd over - 1 run, 1 hit, 0 errors, 1 left on base; Kansas City 1 - Baltimore 0 |
| BOTTOM OF THE 3RD |
|
Baltimore Orioles batting - Pitching for Kansas City Royals : LHP Britt Burns
|
|
Batting: RHB Garth Iorg
|
0-0: Ball 1-0: Ground out U3 (Groundball, 34S, EV 85.6 MPH)
|
|
Batting: SHB Willie McGee
|
0-0: Foul Ball, location: 2F 0-1: Called Strike 0-2: Ball 1-2: Ball 2-2: Ground out 6-3 (Groundball, 6, EV 87.5 MPH)
|
|
Batting: SHB Johnny Ray
|
0-0: Swinging Strike 0-1: Ball 1-1: Fly out, F9 (Flyball, 9, EV 90.0 MPH)
|
| Bottom of the 3rd over - 0 runs, 0 hits, 0 errors, 0 left on base; Kansas City 1 - Baltimore 0 |
| TOP OF THE 4TH |
|
Kansas City Royals batting - Pitching for Baltimore Orioles : RHP Jim Clancy
|
|
Batting: RHB Lloyd McClendon
|
0-0: Ball 1-0: Fly out, F7 (Flyball, 78D, EV 98.8 MPH)
|
|
Batting: RHB Jeffrey Leonard
|
0-0: Called Strike 0-1: Ball 1-1: DOUBLE (Line Drive, 78XD, EV 108.1 MPH)
|
|
Batting: LHB Rick Manning
|
0-0: Ball 1-0: Called Strike 1-1: Swinging Strike 1-2: Ball 2-2: Ground out 4-3 (Groundball, 4, EV 88.1 MPH) Jeffrey Leonard to third
|
|
Batting: LHB Alvin Davis
|
0-0: Called Strike 0-1: Ball 1-1: Foul Ball, location: 2F 1-2: Ball 2-2: Foul Ball, location: 2F 2-2: Ball 3-2: Ground out 5-3 (Groundball, 5L, EV 87.5 MPH)
|
| Top of the 4th over - 0 runs, 1 hit, 0 errors, 1 left on base; Kansas City 1 - Baltimore 0 |
| BOTTOM OF THE 4TH |
|
Baltimore Orioles batting - Pitching for Kansas City Royals : LHP Britt Burns
|
|
Batting: LHB Dave Parker
|
0-0: SINGLE (Groundball, 4MD, EV 98.1 MPH)
|
|
Batting: RHB Dwight Evans
|
0-0: Ball 1-0: Called Strike 1-1: Foul Ball, location: 2F 1-2: Ball 2-2: Grounds into double play, 5-4-3 (Groundball, 5, EV 88.8 MPH)
|
|
Batting: LHB Fred Lynn
|
0-0: Fly out, F9 (Line Drive, 9D, EV 83.8 MPH)
|
| Bottom of the 4th over - 0 runs, 1 hit, 0 errors, 0 left on base; Kansas City 1 - Baltimore 0 |
| TOP OF THE 5TH |
|
Kansas City Royals batting - Pitching for Baltimore Orioles : RHP Jim Clancy
|
|
Batting: RHB Alberto Gonzalez
|
0-0: Swinging Strike 0-1: Foul Ball, location: 2F 0-2: Ball 1-2: Strikes out swinging
|
|
Batting: RHB Rickey Henderson
|
0-0: Ball 1-0: Swinging Strike 1-1: Swinging Strike 1-2: Ball 2-2: Foul Ball, location: 2F 2-2: Foul Ball, location: 2F 2-2: Hit by Pitch
|
|
Batting: LHB Gene Richards
|
0-0: Ball 1-0: Called Strike Rickey Henderson steals 2nd base 1-1: Foul Ball, location: 2F 1-2: Foul Ball, location: 2F 1-2: Ball 2-2: Ball 3-2: Foul Ball, location: 2F 3-2: Base on Balls
|
|
Batting: RHB Bob Horner
|
0-0: Called Strike 0-1: Swinging Strike 0-2: Foul Ball, location: 2F 0-2: Foul Ball, location: 2F 0-2: Ball 1-2: Fly out, F9 (Flyball, 9, EV 89.4 MPH)
|
|
Batting: RHB Gary Carter
|
0-0: Ball 1-0: Fielders Choice at 2nd, 6-4 (Groundball, 56D, EV 88.8 MPH)
|
| Top of the 5th over - 0 runs, 0 hits, 0 errors, 2 left on base; Kansas City 1 - Baltimore 0 |
| BOTTOM OF THE 5TH |
|
Baltimore Orioles batting - Pitching for Kansas City Royals : LHP Britt Burns
|
|
Batting: SHB Steve R Ontiveros
|
0-0: Ground out 5-3 (Groundball, 56S, EV 86.3 MPH)
|
|
Batting: RHB Matt Rice
|
0-0: Ball 1-0: Foul Ball, location: 2F 1-1: Fly out, F8 (Line Drive, 8LM, EV 98.8 MPH)
|
|
Batting: RHB Bill Foley
|
0-0: Called Strike 0-1: Swinging Strike 0-2: Strikes out looking
|
| Bottom of the 5th over - 0 runs, 0 hits, 0 errors, 0 left on base; Kansas City 1 - Baltimore 0 |
| TOP OF THE 6TH |
|
Kansas City Royals batting - Pitching for Baltimore Orioles : RHP Jim Clancy
|
|
Batting: RHB Lloyd McClendon
|
0-0: Foul Ball, location: 2F 0-1: Ball 1-1: Swinging Strike 1-2: Strikes out swinging
|
|
Batting: RHB Jeffrey Leonard
|
0-0: Foul Ball, location: 2F 0-1: Ball 1-1: Called Strike 1-2: Ball 2-2: DOUBLE (Line Drive, 8LXD, EV 103.8 MPH)
|
|
Batting: LHB Rick Manning
|
0-0: Ball 1-0: Ground out 4-3 (Groundball, 34D, EV 91.9 MPH) Jeffrey Leonard to third
|
|
Batting: LHB Alvin Davis
|
0-0: Ball 1-0: Ball 2-0: Foul Ball, location: 2F 2-1: Ground out U3 (Groundball, 3S, EV 80.6 MPH)
|
| Top of the 6th over - 0 runs, 1 hit, 0 errors, 1 left on base; Kansas City 1 - Baltimore 0 |
| BOTTOM OF THE 6TH |
|
Baltimore Orioles batting - Pitching for Kansas City Royals : LHP Britt Burns
|
|
Batting: RHB Garth Iorg
|
0-0: Ball 1-0: Ground out 6-3 (Groundball, 6, EV 83.1 MPH)
|
|
Batting: SHB Willie McGee
|
0-0: Fly out, F8 (Flyball, 8LS, EV 93.8 MPH)
|
|
Batting: SHB Johnny Ray
|
0-0: Ball 1-0: Foul Ball, location: 2F 1-1: Ground out U3 (Groundball, 3L, EV 77.5 MPH)
|
| Bottom of the 6th over - 0 runs, 0 hits, 0 errors, 0 left on base; Kansas City 1 - Baltimore 0 |
| TOP OF THE 7TH |
|
Kansas City Royals batting - Pitching for Baltimore Orioles : RHP Jim Clancy
|
|
Batting: RHB Alberto Gonzalez
|
0-0: Ball 1-0: Called Strike 1-1: SINGLE (Line Drive, 6D, EV 103.8 MPH)
|
|
Batting: RHB Rickey Henderson
|
0-0: Grounds into double play, 4-6-3 (Groundball, 4S, EV 79.4 MPH)
|
|
Batting: LHB Gene Richards
|
0-0: Swinging Strike 0-1: Reached on error, E5 (Groundball, 5, EV 83.8 MPH)
|
|
Batting: RHB Bob Horner
|
0-0: Ball Gene Richards steals 2nd base 1-0: Ball 2-0: Ball 3-0: Swinging Strike 3-1: Foul Ball, location: 5F, Error on foul ball, E5 3-2: Foul Ball, location: 2F 3-2: Fly out, F3 (Popup, 3L, EV 63.1 MPH)
|
| Top of the 7th over - 0 runs, 1 hit, 2 errors, 1 left on base; Kansas City 1 - Baltimore 0 |
| BOTTOM OF THE 7TH |
|
Baltimore Orioles batting - Pitching for Kansas City Royals : LHP Britt Burns
|
|
Batting: LHB Dave Parker
|
0-0: Ground out 6-3 (Groundball, 6M, EV 103.8 MPH)
|
|
Batting: RHB Dwight Evans
|
0-0: Ball 1-0: DOUBLE (Flyball, 89XD, EV 101.3 MPH)
|
|
Batting: LHB Fred Lynn
|
0-0: Called Strike 0-1: Fly out, F8 (Flyball, 78D, EV 102.5 MPH)
|
|
Batting: SHB Steve R Ontiveros
|
0-0: Called Strike 0-1: Ball 1-1: Swinging Strike 1-2: Ground out 6-3 (Groundball, 6, EV 90.6 MPH)
|
| Bottom of the 7th over - 0 runs, 1 hit, 0 errors, 1 left on base; Kansas City 1 - Baltimore 0 |
| TOP OF THE 8TH |
|
Kansas City Royals batting - Pitching for Baltimore Orioles : RHP Jim Clancy
|
|
Pitching: RHP Robert Weismore
|
|
|
Batting: RHB Gary Carter
|
0-0: SINGLE (Flyball, 8LS, EV 93.1 MPH)
|
|
Batting: RHB Lloyd McClendon
|
0-0: Fly out, F4 (Popup, 13, EV 88.8 MPH)
|
|
Batting: RHB Jeffrey Leonard
|
0-0: Foul Ball, location: 2F 0-1: Called Strike 0-2: Ball 1-2: Ball 2-2: 2-RUN HOME RUN (Flyball, 78XD, EV 110.0 MPH), Distance : 430 ft
|
|
Batting: LHB Rick Manning
|
0-0: Called Strike 0-1: Ball 1-1: Fly out, F4 (Flyball, 4MD, EV 91.9 MPH)
|
|
Batting: LHB Alvin Davis
|
0-0: Ball 1-0: DOUBLE (Line Drive, 9LS, EV 106.3 MPH)
|
|
Batting: RHB Alberto Gonzalez
|
0-0: Swinging Strike 0-1: Ball 1-1: Foul Ball, location: 2F 1-2: Fly out, F2 (Popup, 15S, EV 84.4 MPH)
|
| Top of the 8th over - 2 runs, 3 hits, 0 errors, 1 left on base; Kansas City 3 - Baltimore 0 |
| BOTTOM OF THE 8TH |
|
Baltimore Orioles batting - Pitching for Kansas City Royals : LHP Britt Burns
|
|
Batting: RHB Matt Rice
|
0-0: SINGLE (Line Drive, 9LS, EV 108.1 MPH)
|
|
Batting: RHB Bill Foley
|
0-0: Ball 1-0: Called Strike 1-1: Grounds into double play, 4-6-3 (Groundball, 4, EV 82.5 MPH)
|
|
Batting: RHB Garth Iorg
|
0-0: Called Strike 0-1: Foul Ball, location: 2F 0-2: Ball 1-2: Ball 2-2: Foul Ball, location: 2F 2-2: Strikes out swinging
|
| Bottom of the 8th over - 0 runs, 1 hit, 0 errors, 0 left on base; Kansas City 3 - Baltimore 0 |
| TOP OF THE 9TH |
|
Kansas City Royals batting - Pitching for Baltimore Orioles : RHP Robert Weismore
|
|
Batting: RHB Rickey Henderson
|
0-0: Called Strike 0-1: Foul Ball, location: 2F 0-2: Ball 1-2: Ball 2-2: Ball 3-2: Strikes out swinging
|
|
Batting: LHB Gene Richards
|
0-0: Called Strike 0-1: Called Strike 0-2: Ball 1-2: Foul Ball, location: 2F 1-2: Foul Ball, location: 2F 1-2: Ground out 6-3 (Groundball, 56D, EV 80.0 MPH)
|
|
Batting: RHB Bob Horner
|
0-0: Ground out 5-3 (Groundball, 56, EV 83.1 MPH)
|
| Top of the 9th over - 0 runs, 0 hits, 0 errors, 0 left on base; Kansas City 3 - Baltimore 0 |
| BOTTOM OF THE 9TH |
|
Baltimore Orioles batting - Pitching for Kansas City Royals : LHP Britt Burns
|
|
Batting: SHB Willie McGee
|
0-0: Ball 1-0: Ground out 1-3 (Groundball, 13S, EV 60.6 MPH)
|
|
Batting: SHB Johnny Ray
|
0-0: Ball 1-0: Called Strike 1-1: Foul Ball, location: 2F 1-2: Ball 2-2: DOUBLE (Line Drive, 9LM, EV 105.6 MPH)
|
|
Batting: LHB Dave Parker
|
0-0: Ground out 4-3 (Groundball, 4, EV 88.1 MPH) Johnny Ray to third
|
|
Batting: RHB Dwight Evans
|
0-0: Foul Ball, location: 2F 0-1: Foul Ball, location: 2F 0-2: Ball 1-2: Foul Ball, location: 2F 1-2: Foul Ball, location: 2F 1-2: Foul Ball, location: 2F 1-2: Foul Ball, location: 2F 1-2: Fly out, F9 (Flyball, 9LD, EV 81.3 MPH)
|
| Bottom of the 9th over - 0 runs, 1 hit, 0 errors, 1 left on base; Kansas City 3 - Baltimore 0 |
|